 Dungeon Crawl Stone Soup version 0.22-a0-91-g23542c2 (webtiles) character file.

1276 4thArraOfDagon the Firebug (level 8, 0/52 HPs)
             Began as a Barachi Fire Elementalist on Jan 22, 2018.
             Was an Initiate of Sif Muna.
             Killed by divine providence
             ... invoked by an orc priest
              (14 damage)
             ... on level 7 of the Dungeon.
             The game lasted 00:20:31 (3245 turns).

4thArraOfDagon the Firebug (BaFE)                   Turns: 3245, Time: 00:20:32

Health: 0/52       AC:  6    Str: 10    XL:     8   Next: 54%
Magic:  11/15      EV: 12    Int: 18    God:    Sif Muna [......]
Gold:   287        SH:  0    Dex: 12    Spells: 3/16 levels left

rFire    . . .     SeeInvis .   B - +2 flail (protect)
rCold    . . .     Gourm    .   (no shield)
rNeg     . . .     Faith    .   a - +0 robe
rPois    .         Spirit   .   (no helmet)
rElec    .         Reflect  .   x - +0 cloak
rCorr    .         Harm     .   w - +2 pair of gloves
MR       .....                  (no boots)
Stlth    ++........             (no amulet)
HPRegen  0.17/turn              (no ring)
MPRegen  0.14/turn              (no ring)

@: slow
A: +LOS, swims, slowness 1, strong legs 1
a: Hop, Renounce Religion


You were on level 7 of the Dungeon.
You worshipped Sif Muna.
Sif Muna was noncommittal.
You were hungry.

You visited 2 branches of the dungeon, and saw 9 of its levels.

You collected 287 gold pieces.

Inventory:

Hand Weapons
 d - a +0 short sword
 n - a +0 morningstar
 y - a +0 short sword of flaming
 B - a +2 flail of protection (weapon)
Armour
 a - a +0 robe (worn)
 i - a +0 pair of gloves
 w - a +2 pair of gloves (worn)
 x - a +0 cloak (worn)
Magical Staves
 p - an uncursed staff of earth
Wands
 r - a wand of enslavement (5)
 A - a wand of paralysis (18)
Scrolls
 j - a scroll of random uselessness {unknown}
 k - a scroll of teleportation
 l - a scroll of immolation
 q - 2 scrolls of fear {unknown}
 s - a scroll of noise {unknown}
 t - a scroll of enchant weapon {unknown}
 u - 2 scrolls of remove curse
Potions
 e - a potion of curing
 f - a potion of degeneration
 g - a potion of heal wounds {unknown}
 h - a potion of agility {unknown}
 m - a potion of might
 o - 2 potions of brilliance
 v - a potion of mutation {unknown}
 z - a potion of flight {unknown}
Books
 b - a book of Flames

   Spells                             Type                      Level
   a - Flame Tongue                   Conjuration/Fire             1
   b - Throw Flame                    Conjuration/Fire             2
   c - Conjure Flame                  Conjuration/Fire             3
   d - Inner Flame                    Hexes/Fire                   3
   e - Sticky Flame                   Conjuration/Fire             4
   f - Fireball                       Conjuration/Fire             5
Comestibles
 c - 8 rations


   Skills:
 - Level 2.1 Dodging
 - Level 1.7 Stealth
 + Level 4.8 Spellcasting
 * Level 6.8 Conjurations
 * Level 7.6 Fire Magic
 + Level 1.3 Invocations


You had 3 spell levels left.
You knew the following spells:

 Your Spells              Type           Power        Failure   Level  Hunger
a - Flame Tongue          Conj/Fire      ####.        1%          1    None
b - Conjure Flame         Conj/Fire      ####....     1%          3    ###....
c - Sticky Flame          Conj/Fire      ####....     7%          4    ####...
d - Fireball              Conj/Fire      ####......   19%         5    ######.


Dungeon Overview and Level Annotations

Branches:
Dungeon (8/15)             Temple (1/1) D:6
   Lair: D:8-11

Altars:
Ashenzari
Cheibriados
Dithmenos
Elyvilon
Fedhas
Gozag
Hepliaklqana
Kikubaaqudgha
Makhleb
Nemelex Xobeh
Okawaru
Qazlal
Ru
Sif Muna
Trog
Uskayaw
Vehumet
Wu Jian
Xom
Yredelemnul
The Shining One

Shops:
D:5 =*[=

Annotations:
D:4 2 transporters, Mygna's ghost, amateur GrFi
D:6 Eustachio
D:7 Ripsaw's ghost, novice TrTm


Innate Abilities, Weirdness & Mutations

Shadows flee at your approach. (+LOS)
You can swim through water.
You cover ground slowly.
You can hop short distances.


Message History

You are feeling hungry.
Menkaure burns!
Your water moccasin bites Menkaure.
Menkaure closely misses you.
Your water moccasin bites Menkaure.
Unknown command.
Unknown command.
You feel better.
Menkaure burns!
You destroy Menkaure!
Sif Muna accepts your kill.
The orc wizard hits your water moccasin with a dagger.
Your water moccasin barely misses the orc wizard.
The orc priest calls down the wrath of Beogh upon you.
Beogh smites you!
* * * LOW HITPOINT WARNING * * *
The orc hits your water moccasin but does no damage.
Unknown command.
Unknown command.
Your water moccasin closely misses the orc wizard.
The orc priest calls down the wrath of Beogh upon you.
Beogh smites you!
You die...

..#.# #........#....
##########.#.# ###
#.######.#.### .............#
#.. .# #....#.# ##########.###
#.###.# #....#.# #........#.###
#.....# #...ยง#.#
#............# #.....# #...<#.#
#............# #.....###...##.#
#............###..............#
#..........#....@.....#.......#
########.###.......[..#....##.#
#.# #....oS.#..#....# .# #.#
#....(.o#..#....# # #.#
#..........#....# #.#
#....Soo........$
#...........o.........
#####..................
.............


You could see an orc warrior, an orc priest, an orc wizard, an adder, 2 orcs and
a friendly water moccasin.

Vanquished Creatures
  Grinder (D:3)
  Menkaure (D:7)
  A black bear (D:5)
  A phantom (D:7)
  An ice beast (D:5)
  An ogre (D:6)
  A centaur (D:5)
  A big kobold (D:7)
  2 scorpions
  A howler monkey (D:6)
  2 hounds
  A quasit (D:8)
  A jelly (D:5)
  A worker ant (D:7)
  10 adders
  A shadow imp (D:5)
  An ooze (D:1)
  A worm (D:4)
  3 dart slugs
  7 leopard geckos
  7 orcs
  A ball python (D:2)
  3 giant cockroaches
  6 goblins
  6 hobgoblins
  4 jackals (D:5)
  A quokka (D:7)
  7 bats
  6 frilled lizards
  10 kobolds
  A leopard gecko zombie (D:6)
  5 rats
  A butterfly (D:6)
97 creatures vanquished.

Vanquished Creatures (collateral kills)
  A wight (D:6)
1 creature vanquished.

Vanquished Creatures (others)
  A wight (D:6)
1 creature vanquished.

Grand Total: 99 creatures vanquished

Notes
Turn   | Place    | Note
-------+----------+-------------------------------------------
     0 | D:1      | 4thArraOfDagon the Barachi Fire Elementalist began the quest for the Orb.
     0 | D:1      | Reached XP level 1. HP: 13/13 MP: 3/3
    15 | D:1      | 4thArraOfDagon: lets try to NOT screw this one ;)
    86 | D:1      | Reached XP level 2. HP: 17/19 MP: 1/5
   204 | D:1      | magipi: trying to not scrw up and icking barachi are contradictory
   249 | D:1      | Reached XP level 3. HP: 24/24 MP: 1/6
   349 | D:1      | Learned a level 3 spell: Conjure Flame
   488 | D:2      | Reached skill level 4 in Fire Magic
   591 | D:2      | Reached XP level 4. HP: 16/30 MP: 0/8
   667 | D:2      | Learned a level 4 spell: Sticky Flame
   944 | D:3      | Found a faded altar of an unknown god.
  1197 | D:4      | Found a transporter.
  1206 | D:4      | Found a transporter.
  1211 | D:4      | Noticed an ogre
  1246 | D:5      | Entered Level 5 of the Dungeon
  1402 | D:5      | Noticed a black bear
  1406 | D:5      | Reached XP level 5. HP: 26/35 MP: 7/9
  1551 | D:7      | Noticed Ripsaw's ghost (novice TrTm)
  1583 | D:7      | Noticed Menkaure
  1590 | D:6      | magipi: wow
  1693 | D:5      | Found Jimiwk's Jewellery Emporium.
  1822 | D:5      | Noticed a centaur
  1828 | D:5      | Killed a centaur
  1828 | D:5      | Reached skill level 5 in Fire Magic
  1880 | D:5      | Killed a black bear
  1880 | D:5      | Reached XP level 6. HP: 27/41 MP: 2/11
  1897 | D:5      | Noticed an ice beast
  1940 | D:5      | Killed an ice beast
  1966 | D:5      | Found Qaig's General Store.
  2008 | D:5      | Reached XP level 7. HP: 39/46 MP: 7/12
  2019 | D:5      | Learned a level 5 spell: Fireball
  2112 | D:3      | Noticed Grinder
  2136 | D:3      | Killed Grinder
  2136 | D:3      | Reached skill level 5 in Conjurations
  2136 | D:3      | Reached skill level 6 in Fire Magic
  2280 | D:4      | Noticed Mygna's ghost (amateur GrFi)
  2364 | D:5      | Found Kazxavvof's Antique Armour Shop.
  2379 | D:5      | Found Biunav's Jewellery Shoppe.
  2556 | D:6      | Found a staircase to the Ecumenical Temple.
  2583 | D:6      | Reached XP level 8. HP: 50/52 MP: 3/14
  2612 | Temple   | Entered the Ecumenical Temple
  2655 | Temple   | Became a worshipper of Sif Muna the Loreminder
  2757 | D:6      | Noticed Eustachio
  2786 | D:6      | You fall through a shaft for 2 floors!
  2881 | D:7      | Reached skill level 7 in Fire Magic
  3140 | D:7      | Reached skill level 1 in Invocations
  3244 | D:7      | Killed Menkaure
  3245 | D:7      | Killed from afar by an orc priest

Vault maps used:
D:1:      ncdulo_halloftheorcs, patterned_corridor
D:2:      minmay_wonky_spiral, first_ration, minmay_distorted
D:3:      chequers_ecumenical_altar_lobes, uniq_grinder
D:4:      gammafunk_wand_slinger, kennysheep_mini, hex_large
D:5:      serial_shops, shop, kennysheep_mini_moat,
          nicolae_shop_overgrown_old_shop, nicolae_shop_crystal
D:6:      minmay_temple_entry_butterflies, uniq_eustachio,
          uniq_crazy_yiuf_cottage
D:7:      uniq_menkaure
D:8:      kennysheep_windowed_halls
Temple:   compressed_dpeg_triangle_lava_temple

Skill      XL: |  1  2  3  4  5  6  7  8 |
---------------+-------------------------+-----
Conjurations   | 2 3 4 6 |  6.8
Fire Magic     | 4 5 6 7 |  7.6
Spellcasting   | 3 4 |  4.8
Invocations    | 1 |  1.3
Dodging        | |  2.1
Stealth        | |  1.7

Action                   |  1- 3 |  4- 6 |  7- 9 || total
-------------------------+-------+-------+-------++-------
Melee: Short sword       |     4 |       |     7 ||    11
       Morningstar       |       |    21 |    23 ||    44
 Cast: Flame Tongue      |    49 |    80 |    59 ||   188
       Sticky Flame      |       |     4 |    17 ||    21
       Conjure Flame     |       |     2 |     1 ||     3
 Abil: Hop               |       |     3 |     1 ||     4
Evoke: Wand              |       |       |    11 ||    11
  Use: Potion            |       |     2 |     2 ||     4
       Scroll            |       |     4 |     3 ||     7
 Stab: Sleeping          |       |       |     1 ||     1
  Eat: Chunk             |       |     4 |       ||     4
       Ration            |       |     1 |     2 ||     3
Armor: Robe              |     5 |    10 |    21 ||    36
       Skin              |       |    18 |     3 ||    21
Dodge: Dodged            |    19 |    46 |    41 ||   106

Table legend:
 A = Spawn XP
 B = Non-spawn XP
 C = Spawn XP percentage of total XP
 D = Spawn monster count
 E = Non-spawn monster count
 F = Spawn count percentage of total count
 G = Total turns spent on level
                    A         B        C        D         E        F      G
               +---------+---------+-------+---------+---------+-------+---------
         Total |       0 |    1823 |   0.0 |       0 |      98 |   0.0 |  3245
               +---------+---------+-------+---------+---------+-------+---------
           D:1 |       0 |      45 |   0.0 |       0 |      21 |   0.0 |   418
           D:2 |       0 |      54 |   0.0 |       0 |      11 |   0.0 |   319
           D:3 |       0 |     313 |   0.0 |       0 |      18 |   0.0 |   574
           D:4 |       0 |      71 |   0.0 |       0 |       6 |   0.0 |   212
           D:5 |       0 |     482 |   0.0 |       0 |      16 |   0.0 |   686
           D:6 |       0 |     283 |   0.0 |       0 |       7 |   0.0 |   466
           D:7 |       0 |     530 |   0.0 |       0 |      18 |   0.0 |   398
           D:8 |       0 |      45 |   0.0 |       0 |       1 |   0.0 |   113
               +---------+---------+-------+---------+---------+-------+---------
